 Dungeon Crawl Stone Soup version 0.24.0-13-gcf9b319 (webtiles) character file.

Game seed: 3123495194968791624, levelgen mode: deterministic

109 Birdy the Bolt Thrower (level 4, -1/37 HPs)
             Began as a Demigod Hunter on Dec 9, 2019.
             Slain by a gnoll (7 damage)
             ... on level 2 of the Dungeon.
             The game lasted 00:04:17 (1789 turns).

Birdy the Bolt Thrower (Demigod Hunter)             Turns: 1789, Time: 00:04:17

Health: -1/37      AC:  4    Str: 19 (20) XL:     4   Next: 35%
Magic:  6/6        EV: 13    Int: 16 (17) God:
Gold:   124        SH:  0    Dex: 16      Spells: 3/3 levels left

rFire    . . .     SeeInvis .   b - +0 short sword
rCold    . . .     Gourm    .   (no shield)
rNeg     . . .     Faith    .   c - +1 leather armour
rPois    .         Spirit   .   (no helmet)
rElec    .         Reflect  .   (no cloak)
rCorr    .         Harm     .   (no gloves)
MR       .....                  (no boots)
Stlth    ++........             (no amulet)
HPRegen  0.12/turn              (no ring)
MPRegen  0.10/turn              (no ring)

@: mighty
A: high mp 1
a: no special abilities


You were on level 2 of the Dungeon.
You were hungry.

You visited 1 branch of the dungeon, and saw 2 of its levels.

You collected 124 gold pieces.

Inventory:

Hand Weapons
 a - a +1 hand crossbow
 b - a +0 short sword (weapon)
Missiles
 d - 23 bolts
Armour
 c - a +1 leather armour (worn)
Jewellery
 n - an uncursed ring of wizardry {unknown}
Scrolls
 h - a scroll of enchant armour
Potions
 g - a potion of flight
 j - a potion of might
Comestibles
 f - 2 rations


   Skills:
 + Level 2.9 Fighting
 + Level 4.3 Crossbows
 + Level 2.9 Dodging
 - Level 0.8 Stealth


You had 3 spell levels left.
You didn't know any spells.
Your spell library was empty.

Dungeon Overview and Level Annotations

Branches:
Dungeon (2/15)


Innate Abilities, Weirdness & Mutations

You have an increased reservoir of magic. (+10% MP)


Message History

Unknown command.
You struggle against the net.
The gnoll hits you but does no damage. The gnoll hits you.
You struggle against the net.
The gnoll barely misses you. The gnoll hits you.
You struggle against the net.
The gnoll hits you. x2
You struggle against the net.
The gnoll hits you. x2
* * * LOW HITPOINT WARNING * * *
You shred the net and break free! The gnoll misses you. The gnoll hits you.
* * * LOW HITPOINT WARNING * * *
Okay, then.
You feel very mighty all of a sudden. The gnoll hits you.
* * * LOW HITPOINT WARNING * * *
You puncture the gnoll!
The gnoll is almost dead.
The gnoll hits you but does no damage.
You barely miss the gnoll.
The gnoll is almost dead.
The gnoll hits you!
You die...

#######.#......
#.#.#.###
#.....# ## ###
#####.### # ..
#.. ..##.# #.##(
#.# #.##.# ...
#.####.##.#
#(####.#.......#
#gg@.....##.####
######......#
########


You could see 2 gnolls.

Vanquished Creatures
  4 adders (D:2)
  2 oozes
  3 worms (D:2)
  3 dart slugs
  2 leopard geckos (D:2)
  A ball python (D:1)
  4 giant cockroaches
  9 goblins
  5 hobgoblins
  4 kobolds
  4 bats
  2 frilled lizards
  8 rats
51 creatures vanquished.

Notes
Turn   | Place    | Note
-------+----------+-------------------------------------------
     0 | D:1      | Birdy the Demigod Hunter began the quest for the Orb.
     0 | D:1      | Reached XP level 1. HP: 17/17 MP: 3/3
   370 | D:1      | Reached XP level 2. HP: 24/24 MP: 4/4
   372 | D:1      | Found a glowing golden altar of the Shining One.
   675 | D:1      | You fall into a shaft and drop 1 floor!
   986 | D:1      | Reached skill level 4 in Crossbows
   986 | D:1      | Reached XP level 3. HP: 30/30 MP: 5/5
  1461 | D:2      | Reached XP level 4. HP: 37/37 MP: 6/6
  1593 | D:2      | Found a hide-covered altar of Uskayaw.
  1789 | D:2      | Slain by a gnoll

Levels and vault maps discovered:
D:1:      saegor_arrival_simple_c, layout_basic, serial_forest,
          infiniplex_forest_zigzag_1, infiniplex_forest_lined_room_3,
          infiniplex_forest_straight_4, infiniplex_forest_straight_3,
          infiniplex_forest_end_double, infiniplex_forest_split,
          infiniplex_forest_side_room, minivault_19, tso_metal_star
D:2:      layout_loops_cross, lemuel_round_altar, first_ration

Skill      XL: |  1  2 |
---------------+-------+-----
Fighting       | 2 |  2.9
Dodging        | 2 |  2.9
Crossbows      | 4 |  4.3
Stealth        | |  0.8

Action                   |  1- 3 |  4- 6 || total
-------------------------+-------+-------++-------
Melee: Short sword       |    47 |    11 ||    58
 Fire: Hand crossbow     |    61 |    26 ||    87
  Use: Scroll            |     8 |       ||     8
       Potion            |     1 |     1 ||     2
 Stab: Sleeping          |     1 |       ||     1
  Eat: Chunk             |     1 |     1 ||     2
Armor: Leather armour    |    19 |     6 ||    25
Dodge: Dodged            |    30 |    16 ||    46
